 Dungeon Crawl Stone Soup version 0.29-a0-982-gaed3a0c8d8 (webtiles) character file.

Game seed: 6532529858769879600

27 jlumianski the Trooper (level 2, -4/24 HPs)
             Began as a Demonspawn Fighter on Aug 1, 2022.
             Slain by a gnoll
             ... wielding a +2 whip of electrocution
              (15 damage)
             ... on level 1 of the Dungeon.
             The game lasted 00:03:23 (1180 turns).

jlumianski the Trooper (Demonspawn Fighter)         Turns: 1180, Time: 00:03:24

Health: -4/24      AC:  6    Str: 16    XL:     2   Next: 93%
Magic:  2/2        EV:  8    Int:  9    God:
Gold:   83         SH:  4    Dex: 12    Spells: 1/1 levels left

rFire   . . .      SeeInvis .   a - +0 war axe
rCold   . . .      Faith    .   c - +0 buckler
rNeg    . . .      Spirit   .   b - +0 scale mail
rPois   .          Reflect  .   (no helmet)
rElec   .          Harm     .   (no cloak)
rCorr   .          Rampage  .   (no gloves)
Will    .....                   (no boots)
Stlth   ..........              (no amulet)
HPRegen 0.08/turn               (no ring)
MPRegen 0.08/turn               (no ring)

@: no status effects
A: demonic touch 1
a: no special abilities


You were on level 1 of the Dungeon.
You visited 1 branch of the dungeon, and saw 2 of its levels.

You collected 83 gold pieces.

Inventory:

Hand Weapons
 a - a +0 war axe (weapon)
Missiles
 h - 3 boomerangs (quivered)
 i - 13 stones
Armour
 b - a +0 scale mail (worn)
 c - a +0 buckler (worn)
Scrolls
 e - 2 scrolls of poison {unknown}
 f - a scroll of teleportation {unknown}
 g - a scroll of enchant weapon {unknown}
Potions
 d - a potion of might


   Skills:
 + Level 3.4 Fighting
 + Level 2.2 Axes
 + Level 2.9 Armour
 + Level 2.9 Shields


You had one spell level left.
You didn't know any spells.
Your spell library contained the following spells:

 Spells                   Type           Power      Damage    Failure   Level
 Summon Small Mammal      Summ           0%         N/A       88%         1
 Call Canine Familiar     Summ           0%         N/A       99%         3
 Summon Guardian Golem    Hex/Summ       0%         N/A       99%         3


Dungeon Overview and Level Annotations

Branches:
Dungeon (2/15)

Altars:

Shops:
D:1 [(


Innate Abilities, Weirdness & Mutations

Your touch may inflict minor irresistible damage on your foes.


Message History

What level of the Dungeon? (default 1, ? - help)
There is an open door here.
There is a stone staircase leading down here.
You climb downwards.
There is a stone staircase leading up here.
A giant cockroach comes into view.
The giant cockroach bites you but does no damage.
You block the giant cockroach's attack. You block the giant cockroach's attack.
You closely miss the giant cockroach. The giant cockroach barely misses you.
You hit the giant cockroach.
The giant cockroach is moderately wounded.
The giant cockroach barely misses you. The giant cockroach closely misses you.
You hit the giant cockroach.
The giant cockroach is severely wounded.
The giant cockroach barely misses you.
The giant cockroach bites you but does no damage.
You slash the giant cockroach!
You kill the giant cockroach! 2 gnolls come into view.
A gnoll is wielding a +2 whip of electrocution.
The gnoll shouts! x2
A gnoll comes into view. It is wielding a +0 whip.
The gnoll shouts!
The gnoll hits you but does no damage. The gnoll attacks as you move away!
You block the gnoll's attack. The gnoll attacks as you move away!
The gnoll barely misses you.
There is a stone staircase leading up here.
The gnoll hits you with a +2 whip of electrocution.
You climb upwards.
There is a stone staircase leading down here.
You block the gnoll's attack. The gnoll hits you with a +0 whip.
There is an open door here.
The gnoll attacks as you move away!
The gnoll hits you with a +2 whip of electrocution.
The gnoll attacks as you move away!
The gnoll hits you with a +2 whip of electrocution.
You are electrocuted!
Ouch! That really hurt!
You die...

......#.........#
#.#.###.#
#####...........#
#.......# ###.........#
###.##### ## ##.......##
#..# .# ##.....## ##.# .#
##.....## ### #.# .##
##.......## ##.###.#
..####.........####...##.#
.....'.......>gg@......#.#
..####.........###.......#
.## ##.......## #.#.#####
.# ##.....## #.###
.########...## #.#
##....####'## #.#
.#.##..###.# #.#
##..##..##.# #.#
##.......### #.#


You could see 2 gnolls.

Vanquished Creatures
  A dart slug (D:1)
  2 ball pythons
  5 endoplasms (D:1)
  3 giant cockroaches
  A goblin (D:1)
  2 hobgoblins (D:1)
  5 bats
  2 kobolds (D:1)
  2 rats (D:1)
23 creatures vanquished.

Notes
Turn   | Place    | Note
-------+----------+-------------------------------------------
     0 | D:1      | jlumianski the Demonspawn Fighter began the quest for the
                  | Orb.
     0 | D:1      | Reached XP level 1. HP: 18/18 MP: 1/1
   301 | D:1      | Gained mutation: Your touch may inflict minor irresistible
                  | damage on your foes. [demonic ancestry]
   301 | D:1      | Reached XP level 2. HP: 24/24 MP: 2/2
   739 | D:1      | Found Hicos's Antique Armour Shop.
   852 | D:1      | Found Qiwaxzot's Antique Weapon Emporium.
  1180 | D:1      | Slain by a gnoll

Illustrated notes

Levels and vault maps discovered:
D:1:      dpeg_chamrin_arrival_tetris, layout_loops_corners, serial_shops,
          shop_statue, nicolae_shop_hallway_plus
D:2:      layout_loops_corners, nicolae_ecumenical_lake_church,
          nicolae_concentric_dashed_squares_mild, minmay_misc_feat_diagonals,
          st_stairs_13

Skill      XL: |  1  2 |
---------------+-------+-----
Axes           | 2 |  2.2
Fighting       | |  3.4
Armour         | |  2.9
Shields        | |  2.9

Action                   || total
-------------------------++-------
Melee: War axe           ||    66
Armor: Scale mail        ||    45
Dodge: Dodged            ||    27
Block: Buckler           ||    23

Table legend: (Time is in decaauts)
 A = Elapsed time spent in this place.
 B = Non-inter-level travel time spent in this place.
 C = Inter-level travel time spent in this place.
 D = Time resting spent in this place.
 E = Time spent auto-exploring this place.
 F = Levels seen in this place.
 G = Mean time per level.
                   A        B        C        D        E       F      G
               +--------+--------+--------+--------+--------+-----+--------+
         Total |   1211 |   1194 |     17 |      0 |    744 |   2 |  605.5 |
       Dungeon |   1211 |   1194 |     17 |      0 |    744 |   2 |  605.5 |
               +--------+--------+--------+--------+--------+-----+--------+

Top non-repeatable levels by time:
     D:1: 1149 daAuts
     D:2: 61 daAuts
